 Dungeon Crawl Stone Soup version 0.26.0-20-g3ca415f5b8 (webtiles) character file.

Game seed: 12279151717149978893

84 thiole the Sneak (level 4, -4/27 HPs)
             Began as an Octopode Hedge Wizard on Jan 24, 2021.
             Killed from afar by a white imp (13 damage)
             ... with a puff of frost
             ... on level 3 of the Dungeon.
             The game lasted 00:05:21 (2868 turns).

thiole the Sneak (Octopode Hedge Wizard)            Turns: 2868, Time: 00:05:22

Health: -4/27      AC:  1    Str:  9    XL:     4   Next: 46%
Magic:  2/9        EV: 13    Int: 17    God:
Gold:   262        SH:  0    Dex: 11    Spells: 1/9 levels left

rFire    + . .     SeeInvis .   q - +0 dagger (venom)
rCold    x . .     Faith    .   (no shield)
rNeg     . . .     Spirit   .   b - +0 hat
rPois    .         Reflect  .   (no amulet)
rElec    .         Harm     .   j - ring of fire (curse)
rCorr    .         Rampage  .   (no ring)
Will     .....                  (no ring)
Stlth    +++.......             (no ring)
HPRegen  0.09/turn              (no ring)
MPRegen  0.11/turn              (no ring)
                                (no ring)
                                (no ring)

@: flying
A: almost no armour, stealthy swim, amphibious, 8 rings, constrict 8, camouflage
1, gelatinous body 1
a: no special abilities


You were on level 3 of the Dungeon.
You visited 1 branch of the dungeon, and saw 3 of its levels.

You collected 262 gold pieces.

Inventory:

Hand Weapons
 a - a +0 dagger
 q - a +0 dagger of venom (weapon)
Armour
 b - a +0 hat (worn)
Jewellery
 j - a cursed ring of fire (left tentacle)
 m - an uncursed ring of fire
Scrolls
 c - 3 scrolls of teleportation {unknown}
 e - a scroll of amnesia {unknown}
 f - 4 scrolls of remove curse
 l - a scroll of identify {unknown}
 n - a scroll of magic mapping {unknown}
Potions
 d - a potion of curing {unknown}
 g - a potion of flight
 h - a potion of invisibility {unknown}
 i - a potion of heal wounds {unknown}
 k - a potion of brilliance {unknown}
 o - a potion of resistance {unknown}
 p - a potion of magic {unknown}


   Skills:
 - Level 2.0 Dodging
 + Level 3.8 Stealth
 + Level 3.3 Spellcasting
 * Level 2.4 Conjurations
 - Level 2.0 Summonings
 - Level 1.0 Translocations
 * Level 0.8 Air Magic


You had one spell level left.
You knew the following spells:

 Your Spells              Type           Power        Failure   Level
a - Magic Dart            Conj           44%          6%          1
b - Call Imp              Summ           9%           11%         2
c - Slow                  Hex            2%           26%         2
d - Mephitic Cloud        Conj/Pois/Air  6%           32%         3

Your spell library contained the following spells:

 Spells                   Type           Power        Failure   Level
 Blink                    Tloc           N/A          17%         2
 Conjure Flame            Conj/Fire      10%          30%         3


Dungeon Overview and Level Annotations

Branches:
Dungeon (3/15)

Altars:


Innate Abilities, Weirdness & Mutations

You cannot wear most types of armour.
You are very stealthy in the water. (Stealth+)
You are amphibious.
You can wear up to eight rings at the same time.
You can use your tentacles to constrict eight enemies at once.
Your skin changes colour to match your surroundings (Stealth+).
Your rubbery body absorbs attacks. (AC +1, EV +1)


Message History

The white imp is moderately wounded.
Casting: Magic Dart (safe; 6% risk of failure)
Confirm with . or Enter, or press ? or * to list all spells.
Aiming: Magic Dart (safe; 6% risk of failure)
Press: ? - help, Shift-Dir - straight line, f/p - white imp
Aim: a white imp (moderately wounded, 0% to evade)
The magic dart hits the white imp but does no damage.
The white imp is moderately wounded.
The white imp gestures at you. The puff of frost hits you!!
You feel a terrible chill!
Ouch! That really hurt!
Your crimson imp blinks!
It was a potion of flight.
You feel very buoyant.
You fly up into the air.
Your +0 dagger of venom begins to drip with poison!
q - a +0 dagger of venom (weapon)
The white imp gestures at you. The puff of frost hits you!
You feel a terrible chill!
You die...

.# ### .. ... ## #.#
########### ## #.#
#.........# ...#.#
#.........#
##.#.####.........#######
........'.[.......'......
##.#.####........5######
#.# #.......@.# #.#
#.........# #.#
#.........# #.#
#.........# #.#
#...5.....#
###.##############
..#.#...........#
#.#.#....(......#
#.#.'...........#


You could see a white imp and a friendly crimson imp (summoned).

Vanquished Creatures
  An adder (D:3)
  2 worms (D:2)
  4 dart slugs
  3 leopard geckos
  2 giant cockroaches
  7 goblins
  7 hobgoblins
  3 jackals (D:1)
  2 quokkas (D:2)
  A ball python (D:1)
  A bat (D:1)
  6 frilled lizards
  8 kobolds
  11 rats
58 creatures vanquished.

Vanquished Creatures (others)
  6 fungi (D:1)
  4 toadstools (D:1)
10 creatures vanquished.

Grand Total: 68 creatures vanquished

Notes
Turn   | Place    | Note
-------+----------+-------------------------------------------
     0 | D:1      | thiole the Octopode Hedge Wizard began the quest for the
                  | Orb.
     0 | D:1      | Reached XP level 1. HP: 11/11 MP: 4/4
   217 | D:1      | Reached XP level 2. HP: 17/17 MP: 1/6
   582 | D:1      | Reached XP level 3. HP: 21/21 MP: 4/7
  1224 | D:1      | Learned a level 2 spell: Call Imp
  1227 | D:1      | Learned a level 2 spell: Slow
  1231 | D:1      | Learned a level 3 spell: Mephitic Cloud
  2031 | D:2      | Reached XP level 4. HP: 27/27 MP: 4/8
  2868 | D:3      | Killed from afar by a white imp

Illustrated notes

Levels and vault maps discovered:
D:1:      scummos_arrival_star, layout_loops_ring,
          chequers_serial_rivers_room_b, minmay_gold_behind_fungi
D:2:      layout_loops_cross
D:3:      layout_basic, elyvilon_altar_3

Skill      XL: |  1  2  3 |
---------------+----------+-----
Stealth        | 3 |  3.8
Summonings     | 2 |  2.0
Conjurations   | 2 |  2.4
Dodging        | |  2.0
Spellcasting   | |  3.3
Translocations | |  1.0
Air Magic      | |  0.8

Action                   |  1- 3 |  4- 6 || total
-------------------------+-------+-------++-------
Melee: Dagger            |    32 |     3 ||    35
       Constrict         |    12 |     1 ||    13
       Tentacles         |     2 |     1 ||     3
 Cast: Magic Dart        |    98 |    39 ||   137
       Call Imp          |       |     2 ||     2
  Use: Scroll            |     1 |       ||     1
       Potion            |       |     1 ||     1
 Stab: Sleeping          |     1 |       ||     1
Armor: Skin              |     3 |       ||     3
Dodge: Dodged            |    33 |     3 ||    36
